Map: Odyssey LE

Players

Stats - Winner!

  • Race: Protoss Protoss
  • League: Master
  • Spawn Location: 11:00

DeMusliM

  • Race: Terran Terran
  • League: Grandmaster
  • Spawn Location: 5:00

Event: HomeStory Cup XVI

VOD

Have the link to the VOD?

Description

Time

  • Played on: Nov. 10, 2017, 7:30 a.m.
  • Length: 10:50

All games in this series

Show
View Real Time Build Order
Export as new Build Order

Stats Protoss - Winner!

Build Orders: 1 Gate Expand 

Get SALT Encoding   

  12  0:02  Probe (Chrono Boost)  
  14  0:14  Probe (Chrono Boost)  
  14  0:17  Pylon  
  14  0:26  Probe (Chrono Boost)  
  15  0:32  Probe (Chrono Boost)  
  15  0:37  Gateway  
  15  0:40  Probe (Chrono Boost)  
  17  0:47  Assimilator  
  17  0:52  Probe (Chrono Boost)  
  19  1:05  Probe (Chrono Boost)  
  19  1:17  Nexus  
  19  1:27  Cybernetics Core  
  19  1:32  Probe (Chrono Boost)  
  20  1:36  Assimilator  
  20  1:44  Probe (Chrono Boost)  
  20  1:45  Pylon  
  21  1:54  Stalker  
  21  1:57  Probe (Chrono Boost)  
  22  2:05  Warp Gate  
  25  2:09  Probe (Chrono Boost)  
  25  2:21  Probe (Chrono Boost)  
  26  2:24  Stalker  
  26  2:27  Probe (Chrono Boost)  
  26  2:28  Probe (Chrono Boost)  
  28  2:35  Probe (Chrono Boost)  
  30  2:37  Robotics Facility  
  30  2:39  Probe (Chrono Boost)  
  32  2:48  Probe (Chrono Boost)  
  32  2:51  Probe (Chrono Boost)  
  34  2:55  Stalker  
  35  3:00  Probe (Chrono Boost)  
  35  3:03  Probe (Chrono Boost), Pylon  
  37  3:15  Immortal  
  37  3:18  Stalker  
  31  4:05  Pylon  
  31  4:15  Nexus  
  31  4:16  Pylon  
  31  4:23  Stalker  
  35  4:24  Observer  
  35  4:26  Probe (Chrono Boost)  
  35  4:30  Twilight Council  
  35  4:37  Blink  
  35  4:38  Probe (Chrono Boost)  
  36  4:45  Observer  
  37  4:49  Stalker  
  37  4:50  Probe (Chrono Boost)  
  39  5:02  Probe (Chrono Boost)  
  41  5:14  Stalker, Probe (Chrono Boost)  
  43  5:26  Probe (Chrono Boost)  
  45  5:30  Probe (Chrono Boost)  
  45  5:38  Probe (Chrono Boost)  
  45  5:41  Gateway  
  45  5:42  Probe (Chrono Boost)  
  47  5:43  Gateway  
  47  5:46  Stalker  
  50  5:50  Probe (Chrono Boost)  
  50  5:54  Probe (Chrono Boost)  
  51  6:02  Probe (Chrono Boost)  
  52  6:06  Probe (Chrono Boost), Pylon  
  53  6:15  Probe (Chrono Boost)  
  53  6:16  Sentry  
  53  6:18  Probe (Chrono Boost)  
  57  6:20  Forge  
  57  6:21  Pylon  
  58  6:27  Probe (Chrono Boost)  
  58  6:30  Probe (Chrono Boost)  
  59  6:33  Dark Shrine, Pylon  
  59  6:35  Resonating Glaives  
  59  6:37  Sentry  
  59  6:38  Sentry  
  59  6:39  Probe (Chrono Boost)  
  63  6:41  Assimilator x2  
  63  6:42  Probe (Chrono Boost)  
  63  6:44  Stalker  
  66  6:51  Probe (Chrono Boost)  
  66  6:53  Protoss Ground Weapons Level 1  
  68  6:54  Probe (Chrono Boost)  
  68  7:01  Pylon  
  68  7:08  Probe (Chrono Boost)  
  68  7:09  Probe (Chrono Boost)  
  68  7:12  Adept x3  
  74  7:16  Warp Prism  
  74  7:25  Gateway  
  74  7:26  Gateway  
  76  7:35  Adept  
  76  7:37  Adept x2  
  80  7:47  Gateway  
  80  7:49  Pylon  
  72  7:58  Adept x2  
  72  7:59  Dark Templar  
  80  8:06  Probe x2 (Chrono Boost)  
  80  8:15  Observer  
  80  8:18  Nexus  
  81  8:25  Stalker x3  
  87  8:32  Dark Templar  
  87  8:45  Adept  
  87  8:47  Immortal  
  93  9:05  Pylon  
Show
View Real Time Build Order
Export as new Build Order

DeMusliM Terran 

Build Orders: Cyclone Opening, MMM Bio 

Get SALT Encoding   

  12  0:00  SCV  
  13  0:12  SCV  
  14  0:17  Supply Depot  
  14  0:25  SCV  
  14  0:28  Refinery  
  15  0:38  SCV  
  16  0:45  Barracks  
  16  0:50  SCV  
  17  1:03  SCV  
  18  1:15  SCV  
  19  1:32  Factory, Orbital Command, Marine  
  20  1:46  Supply Depot  
  20  1:50  Marine  
  21  1:55  Engineering Bay  
  21  1:59  SCV  
  22  2:08  Marine  
  22  2:11  SCV  
  24  2:15  Cyclone  
  24  2:17  Supply Depot  
  27  2:25  SCV  
  27  2:26  Marine  
  27  2:28  Missile Turret  
  28  2:38  SCV  
  28  2:44  Marine  
  30  2:48  Cyclone  
  33  2:55  SCV  
  34  3:01  Marine  
  35  3:07  SCV  
  36  3:19  SCV  
  36  3:23  Marine  
  36  3:30  Command Center  
  36  3:31  SCV  
  37  3:38  Refinery  
  35  3:43  SCV  
  35  3:52  Barracks Reactor  
  33  3:55  SCV  
  27  4:05  Widow Mine  
  27  4:07  Bunker  
  27  4:08  SCV  
  29  4:11  Barracks  
  29  4:14  Barracks  
  29  4:17  Bunker  
  29  4:22  SCV  
  29  4:23  Terran Infantry Weapons Level 1  
  30  4:28  Marine x2  
  32  4:39  SCV  
  32  4:40  Widow Mine  
  32  4:43  Orbital Command  
  35  4:53  Marine x2  
  36  5:00  Barracks Tech Lab  
  36  5:02  Barracks Tech Lab  
  36  5:03  SCV  
  36  5:05  Starport  
  35  5:10  SCV  
  36  5:20  Marine x2  
  36  5:21  Stimpack, Marine x2  
  39  5:23  SCV  
  41  5:31  Combat Shields  
  41  5:38  Marine x3  
  41  5:40  Supply Depot, Marine  
  45  5:43  Starport Reactor  
  45  5:45  SCV  
  46  5:55  Marine  
  46  5:56  Marine x2  
  49  5:58  Marine  
  49  6:03  Supply Depot  
  50  6:04  Orbital Command  
  50  6:11  SCV  
  49  6:17  Marine x2  
  51  6:20  Medivac x2, Marine x2  
  51  6:23  SCV  
  51  6:25  Supply Depot  
  58  6:30  SCV  
  59  6:35  SCV  
  59  6:37  Marine x2  
  62  6:42  Marauder x2, SCV  
  62  6:45  Refinery  
  67  6:47  SCV  
  67  6:51  Terran Infantry Armor Level 1  
  67  6:54  SCV  
  69  6:58  Marine  
  69  6:59  SCV, Marine  
  72  7:03  Supply Depot  
  72  7:06  SCV  
  72  7:08  Marauder x2  
  76  7:11  SCV  
  76  7:18  SCV, Marine  
  78  7:23  Supply Depot  
  78  7:25  Medivac, SCV, Marine  
  82  7:32  Medivac  
  82  7:34  Marauder  
  85  7:40  Marauder  
  73  7:51  Marine x2  
  73  7:53  SCV x2  
  73  7:55  Medivac, Marauder  
  81  8:02  Marauder  
  83  8:07  Command Center  
  83  8:09  SCV x2  
  83  8:12  Refinery  
  85  8:15  Marine x2  
  85  8:16  Starport  
  87  8:21  SCV x2  
  87  8:24  Supply Depot  
  89  8:27  Fusion Core  
  89  8:33  SCV x2  
  91  8:40  Missile Turret  
  77  8:56  Missile Turret  
  77  8:57  Marauder, Marine x2  
  77  8:58  Marauder  
  74  9:06  SCV x2  
Tags
 
Add a new tag
Caveats
  • Supply blocks, unpowered buildings, or Contaminate may cause inaccurate times.
  • Supply counts are checked every 10 seconds.